 Dungeon Crawl Stone Soup version 0.19-a0-1937-g70ed36a (console) character file.

10468 Blackmore the Thaumaturge (level 11, -3/54 HPs)
             Began as a Deep Elf Ice Elementalist on Oct 27, 2016.
             Was an Elder of Sif Muna.
             Slain by a porcupine (14 damage)
             ... on level 1 of the Lair of Beasts.
             The game lasted 01:21:08 (15323 turns).

Blackmore the Thaumaturge (DEIE)                   Turns: 15323, Time: 01:21:08

Health: -3/54      AC:  5    Str:  4 (5)  XL:     11   Next: 36%
Magic:  31/31      EV: 14    Int: 27 (28) God:    Sif Muna [****..]
Gold:   283        SH:  0    Dex: 15      Spells: 7 memorised, 17 levels left

rFire  . . .     SeeInvis +     d - +3 dagger (venom)
rCold  . . .     Gourm    +     a - +0 robe
rNeg   . . .     Faith    .     (no shield)
rPois  .         Spirit   .     (no helmet)
rElec  .         Reflect  .     P - +1 cloak
rCorr  .         Harm     .     T - +0 pair of gloves
MR     +....                    (no boots)
Stlth  +++.......               p - amulet of the gourmand
                                l - +4 ring of intelligence
                                G - ring of see invisible

@: divine energy
A: no striking features
a: Stop Divine Energy, Channel Magic, Forget Spell, Renounce Religion


You were on level 1 of the Lair of Beasts.
You worshipped Sif Muna.
Sif Muna was greatly pleased with you.
You were very full.

You visited 3 branches of the dungeon, and saw 12 of its levels.

You collected 535 gold pieces.
You spent 252 gold pieces at shops.

Inventory:

Hand Weapons
 d - a +3 dagger of venom (weapon)
 e - a +0 dagger
Missiles
 u - 99 poisoned needles
 R - 3 needles of sleeping
Armour
 a - a +0 robe (worn)
 P - a +1 cloak (worn)
 T - a +0 pair of gloves (worn)
Jewellery
 i - a +3 ring of evasion {unknown}
 j - an uncursed ring of stealth
 l - a +4 ring of intelligence (right hand)
 p - an amulet of the gourmand (around neck)
 r - an uncursed ring of stealth
 A - an uncursed ring of protection from fire
 G - a ring of see invisible (left hand)
 N - an uncursed ring of resist corrosion {unknown}
Wands
 h - a wand of iceblast (0/15)
 t - a wand of acid (9/15)
 y - a wand of flame (23/48)
 E - a wand of disintegration (3/24)
 H - a wand of acid (9/15)
 Z - a wand of digging (8/24)
Scrolls
 g - 5 scrolls of remove curse
 k - 2 scrolls of fear {unknown}
 m - a scroll of noise {unknown}
 B - 3 scrolls of immolation {unknown}
 I - a scroll of recharging {unknown}
 J - a scroll of silence {unknown}
 Q - a scroll of enchant armour {unknown}
Potions
 f - a potion of agility {unknown}
 o - a potion of magic {unknown}
 q - 3 potions of might {unknown}
 w - 5 potions of haste
 x - a potion of cancellation {unknown}
 z - 5 potions of lignification {unknown}
 F - a potion of brilliance {unknown}
 L - a potion of mutation {unknown}
 V - 3 potions of heal wounds
 Y - 3 potions of curing
Books
 b - a book of Frost

   Spells                             Type                      Level
   a - Freeze                         Ice                          1
   b - Throw Frost                    Conjuration/Ice              2
   c - Ozocubu's Armour               Charms/Ice                   3
   d - Throw Icicle                   Conjuration/Ice              4
   e - Summon Ice Beast               Ice/Summoning                4
 C - a book of Battle

   Spells                             Type                      Level
   a - Infusion                       Charms                       1
   b - Shroud of Golubria             Charms/Translocation         2
   c - Song of Slaying                Charms                       2
   d - Spectral Weapon                Hexes/Charms                 3
   e - Regeneration                   Charms/Necromancy            3
 M - a book of Cantrips

   Spells                             Type                      Level
   a - Confusing Touch                Hexes                        1
   b - Animate Skeleton               Necromancy                   1
   c - Summon Small Mammal            Summoning                    1
   d - Apportation                    Translocation                1
 W - a book of Flames

   Spells                             Type                      Level
   a - Flame Tongue                   Conjuration/Fire             1
   b - Throw Flame                    Conjuration/Fire             2
   c - Conjure Flame                  Conjuration/Fire             3
   d - Inner Flame                    Hexes/Fire                   3
   e - Sticky Flame                   Conjuration/Fire             4
   f - Fireball                       Conjuration/Fire             5
Miscellaneous
 S - a crystal ball of energy
Comestibles
 c - 6 bread rations
 n - 3 meat rations
 v - a slice of pizza
 D - 2 beef jerkies
 K - 7 royal jellies
 O - 10 fruits


   Skills:
 + Level 2.4 Short Blades
 + Level 4.4 Dodging
 + Level 5.7 Stealth
 * Level 14.4 Spellcasting
 + Level 4.9 Conjurations
 + Level 0.4 Charms
 + Level 5.1 Summonings
 + Level 0.8 Necromancy
 + Level 0.9 Fire Magic
 * Level 11.9 Ice Magic
 + Level 0.2 Invocations
 + Level 0.2 Evocations


You had 17 spell levels left.
You knew the following spells:

 Your Spells              Type           Power        Failure   Level  Hunger
a - Freeze                Ice            ####         1%          1    None
b - Throw Frost           Conj/Ice       ######       1%          2    None
c - Ozocubu's Armour      Chrm/Ice       ######..     1%          3    None
d - Throw Icicle          Conj/Ice       ######..     1%          4    None
e - Summon Ice Beast      Ice/Summ       ######..     1%          4    None
f - Regeneration          Chrm/Necr      ###.......   10%         3    None
g - Sticky Flame          Conj/Fire      #####...     10%         4    None


Dungeon Overview and Level Annotations

Branches:
Dungeon (10/15)            Temple (1/1) D:7            Lair (1/6) D:9
    Orc (0/2) D:10

Altars:
Ashenzari
Cheibriados
Dithmenos
Elyvilon
Fedhas
Gozag
Hepliaklqana
Kikubaaqudgha
Makhleb
Nemelex Xobeh
Okawaru
Qazlal
Ru
Sif Muna
Trog
Uskayaw
Vehumet
Xom
Yredelemnul
Zin
The Shining One

Shops:
D:9 !


Message History

Your ice beast disappears in a puff of smoke! x3
HP restored.
You start resting.
Magic restored.
Unknown command.
g - 5 scrolls of remove curse (gained 1)
A komodo dragon comes into view.
Found a spear.
A porcupine comes into view.
The porcupine misses you.
The helpless komodo dragon fails to defend itself.
You impale the komodo dragon!!
The komodo dragon looks as sick as possible!
The komodo dragon is heavily wounded.
The porcupine closely misses you. The komodo dragon bites you!!
Ouch! That really hurt!
The porcupine bites you. The porcupine bites you!
* * * LOW HITPOINT WARNING * * *
The porcupine bites you!
You die...

#..###...###### ##..#
*#....##.. ##..##
*#.....†† ##..## ##..####
##* #..## ##...####
#.####..### ##...###.#
###.....##P####...####..
#................###....
#####.#.@.........)###...
##...#.lr#.#######...##...
#.......P### ##....#..
#.......## ##......
#.......## ########.....
#........# #.....##.....
#........#* ##........#...
##........# #......†......
##...)...# #.............


You could see a komodo dragon and a porcupine.

Vanquished Creatures
  A hill giant (D:10)
  Pikel (D:4)
  A komodo dragon (Lair:1)
  A hornet (D:10)
  A two-headed ogre (D:10)
  3 hippogriffs
  A wyvern (D:9)
  7 yaks
  A basilisk (Lair:1)
  A hungry ghost (D:10)
  A soldier ant (D:10)
  A porcupine (Lair:1)
  A water moccasin (Lair:1)
  2 black bears
  3 orc warriors
  3 sky beasts
  2 slaves (D:4)
  2 ogres
  A necrophage (D:10)
  2 wolves (Lair:1)
  2 centaurs
  2 crocodiles
  2 big kobolds
  A gnoll sergeant (D:5)
  5 bullfrogs
  Dowan (D:5)
  A water moccasin skeleton (D:7)
  2 scorpions
  12 killer bees
  5 wights
  A howler monkey (D:9)
  2 crimson imps
  A bullfrog skeleton (D:6)
  4 hounds
  6 jellies
  7 orc wizards
  3 orc priests
  2 iguanas
  3 worker ants
  A worker ant zombie (D:7)
  A howler monkey zombie (D:5)
  8 adders
  2 gnolls (D:5)
  A river rat (D:9)
  A shadow imp (D:8)
  An ooze (D:7)
  An adder skeleton (D:6)
  An adder zombie (D:7)
  5 worms
  5 dart slugs
  A leopard gecko (D:3)
  20 orcs
  A ball python (D:1)
  11 bats
  9 giant cockroaches
  10 goblins
  6 hobgoblins
  13 jackals
  4 quokkas
  6 frilled lizards
  14 kobolds
  A leopard gecko skeleton (D:6)
  A leopard gecko zombie (D:5)
  10 rats
232 creatures vanquished.

Vanquished Creatures (collateral kills)
  A cyclops (D:9)
  Psyche (D:10)
  A spiny frog (Lair:1)
  A queen bee (D:8)
  2 wyverns
  6 yaks (Lair:1)
  A water moccasin (D:6)
  Duvessa (D:5)
  2 ice beasts
  A sky beast (D:7)
  2 slaves (D:4)
  3 orc warriors
  An ogre (D:7)
  3 centaurs
  2 wolves (Lair:1)
  2 crocodiles (Lair:1)
  2 bullfrogs (D:8)
  A wyvern skeleton (D:8)
  14 killer bees
  6 wights
  2 centaur zombies
  A bullfrog zombie (D:5)
  An orc wizard (D:7)
  2 orc priests
  An iguana (D:5)
  2 worker ants
  3 gnolls (D:5)
  2 adders
  A river rat (D:9)
  A shadow imp (D:5)
  2 leopard geckos
  9 orcs
  3 jackals (D:8)
  A kobold (D:9)
  A quokka (D:8)
  A bat (D:9)
  A jackal zombie (D:8)
  A rat (D:9)
88 creatures vanquished.

Vanquished Creatures (others)
  13 fungi (D:9)
  6 plants (D:9)
19 creatures vanquished.

Grand Total: 339 creatures vanquished

Notes
Turn   | Place    | Note
-------+----------+-------------------------------------------
     0 | D:1      | Blackmore the Deep Elf Ice Elementalist began the quest for the Orb.
     0 | D:1      | Reached XP level 1. HP: 10/10 MP: 6/6
   215 | D:1      | Reached XP level 2. HP: 15/15 MP: 5/8
   219 | D:1      | Learned a level 2 spell: Throw Frost
   788 | D:2      | Reached XP level 3. HP: 19/19 MP: 8/10
   796 | D:2      | Learned a level 3 spell: Ozocubu's Armour
  1064 | D:2      | Reached skill level 4 in Spellcasting
  1780 | D:2      | Reached XP level 4. HP: 21/24 MP: 9/12
  1864 | D:2      | Learned a level 4 spell: Throw Icicle
  2264 | D:3      | Found a sacrificial altar of Ru.
  2283 | D:3      | Found a burning altar of Makhleb.
  2297 | D:3      | Found a basalt altar of Yredelemnul.
  2300 | D:3      | Found an iron altar of Okawaru.
  2794 | D:4      | Reached skill level 5 in Spellcasting
  2794 | D:4      | Reached XP level 5. HP: 23/28 MP: 2/14
  2805 | D:4      | Learned a level 4 spell: Summon Ice Beast
  2856 | D:4      | Found a radiant altar of Vehumet.
  2862 | D:4      | Found a white marble altar of Elyvilon.
  3320 | D:4      | Reached skill level 5 in Ice Magic
  3464 | D:4      | Noticed a slave
  3559 | D:4      | Noticed a slave
  3575 | D:4      | Noticed an orc warrior
  3631 | D:4      | Found a shadowy altar of Dithmenos.
  3632 | D:4      | Found an opulent altar of Gozag.
  3633 | D:4      | Found a sparkling altar of Nemelex Xobeh.
  3803 | D:5      | Entered Level 5 of the Dungeon
  3877 | D:5      | Reached XP level 6. HP: 17/32 MP: 1/16
  4206 | D:5      | Reached skill level 6 in Spellcasting
  4487 | D:5      | Noticed an ice beast
  4506 | D:5      | Killed an ice beast
  4549 | D:5      | Reached XP level 7. HP: 36/36 MP: 11/19
  4689 | D:5      | Found a shimmering altar of Xom.
  4707 | D:5      | Reached skill level 7 in Spellcasting
  4731 | D:5      | Noticed Duvessa
  4805 | D:5      | Killed Duvessa
  4810 | D:5      | Noticed Dowan
  4817 | D:5      | Killed Dowan
  4817 | D:5      | Reached skill level 1 in Summonings
  5226 | D:5      | Reached skill level 8 in Spellcasting
  5593 | D:6      | Found a stormy altar of Qazlal.
  5655 | D:4      | Noticed Pikel
  5702 | D:4      | Killed Pikel
  5702 | D:4      | Reached XP level 8. HP: 16/41 MP: 3/22
  5832 | D:4      | Found a glowing golden altar of the Shining One.
  6004 | D:3      | Reached skill level 9 in Spellcasting
  6074 | D:3      | Found a glowing golden altar of the Shining One.
  6341 | D:6      | Noticed an air elemental
  6375 | D:6      | Reached skill level 1 in Short Blades
  6735 | D:6      | Reached skill level 5 in Stealth
  6829 | D:6      | Found a shattered altar of Ashenzari.
  7040 | D:7      | Found a staircase to the Ecumenical Temple.
  7051 | Temple   | Entered the Ecumenical Temple
  7229 | Temple   | Became a worshipper of Sif Muna the Loreminder
  7751 | D:7      | Reached XP level 9. HP: 28/45 MP: 14/24
  7862 | D:7      | Reached skill level 10 in Spellcasting
  8608 | D:8      | Reached * piety under Sif Muna
  9405 | D:8      | Noticed a queen bee
  9424 | D:8      | Killed a queen bee
  9624 | D:8      | Reached skill level 11 in Spellcasting
  9772 | D:8      | Reached ** piety under Sif Muna
 10414 | D:9      | HP: 2/45 [yak (11)]
 10701 | D:9      | Reached XP level 10. HP: 26/50 MP: 1/27
 11027 | D:9      | Reached skill level 12 in Spellcasting
 11196 | D:9      | Learned a level 3 spell: Regeneration
 11315 | D:9      | Found a staircase to the Lair.
 11463 | D:9      | Noticed a cyclops
 11483 | D:9      | Killed a cyclops
 11483 | D:9      | Reached skill level 10 in Ice Magic
 11610 | D:9      | Reached *** piety under Sif Muna
 11948 | D:9      | Found Fumman's Distillery.
 11953 | D:9      | Bought a potion of haste for 140 gold pieces
 11953 | D:9      | Bought a potion of heal wounds for 70 gold pieces
 11953 | D:9      | Bought a potion of curing for 42 gold pieces
 12047 | D:10     | Entered Level 10 of the Dungeon
 12163 | D:10     | Found a stormy altar of Qazlal.
 12175 | D:10     | Learned a level 4 spell: Sticky Flame
 12231 | D:10     | Found a staircase to the Orcish Mines.
 12591 | D:10     | Reached skill level 13 in Spellcasting
 12788 | D:10     | Noticed Psyche
 12796 | D:10     | Killed Psyche
 12806 | D:10     | Reached **** piety under Sif Muna
 13607 | D:10     | Noticed a hill giant
 13611 | D:10     | Killed a hill giant
 13669 | D:10     | Reached XP level 11. HP: 54/54 MP: 21/30
 13940 | Lair:1   | Entered Level 1 of the Lair of Beasts
 14222 | Lair:1   | Reached skill level 14 in Spellcasting
 14266 | Lair:1   | Reached skill level 5 in Summonings
 15323 | Lair:1   | Slain by a porcupine

Vault maps used:
D:1:      shiori_arrival_elements, moated_statue
D:2:      first_bread, kennysheep_boxes
D:3:      tso_oasis_becter, minitemple
D:4:      nemelex_xobeh_ov_fountains_minmay,
          chequers_temple_overflow_statue_of_worship,
          grunt_temple_overflow_open, tso_altar, uniq_pikel
D:5:      xom_teletrap_fun, uniq_duvessa
D:6:      nicolae_qazlal_style_of_elements, evilmike_ruin_ashenzari
D:8:      david_nohive_1
D:9:      grunt_lair_entry_orc_guard_hut, serial_shops, shop
D:10:     david_orc_2, basic_altar, uniq_psyche
Temple:   grunt_temple_mini_profane
Lair:1:   grunt_megastairs_4, lemuel_fruit_tree

Skill      XL: |  1  2  3  4  5  6  7  8  9 10 11 |
---------------+----------------------------------+-----
Ice Magic      | 4 5 7 8 9 11 | 11.9
Spellcasting   | 4 5 6 8 9 11 13 14 | 14.4
Stealth        | 3 4 5 |  5.7
Summonings     | 1 3 4 5 |  5.1
Conjurations   | 2 3 4 |  4.9
Dodging        | 3 4 |  4.4
Short Blades   | 1 2 |  2.4
Charms         | |  0.4
Necromancy     | |  0.8
Fire Magic     | |  0.9
Invocations    | |  0.2
Evocations     | |  0.2

Action                   |  1- 3 |  4- 6 |  7- 9 | 10-12 || total
-------------------------+-------+-------+-------+-------++-------
Melee: Dagger            |    22 |    32 |   137 |    42 ||   233
Throw: Throwing net      |       |     1 |       |       ||     1
 Cast: Freeze            |    34 |    24 |    16 |     2 ||    76
       Throw Frost       |    24 |    50 |    19 |     9 ||   102
       Ozocubu's Armour  |     1 |       |     2 |     2 ||     5
       Throw Icicle      |       |     2 |    42 |   112 ||   156
       Summon Ice Beast  |       |     8 |    62 |    33 ||   103
       Regeneration      |       |       |       |     5 ||     5
       Sticky Flame      |       |       |       |     4 ||     4
Invok: Divine Energy     |       |       |     1 |       ||     1
       Channel Magic     |       |       |       |     1 ||     1
Evoke: Wand              |       |       |     5 |     1 ||     6
  Use: Scroll            |     1 |     2 |     3 |     9 ||    15
       Potion            |       |       |     5 |     4 ||     9
 Stab: Sleeping          |     9 |    13 |    14 |     2 ||    38
       Distracted        |       |       |     1 |       ||     1
  Eat: Chunk             |     3 |     9 |    19 |    23 ||    54
       Pizza             |       |     1 |     1 |     1 ||     3
Armor: Robe              |     5 |     5 |    23 |    15 ||    48
Dodge: Dodged            |    28 |    27 |   132 |    71 ||   258
